 Dungeon Crawl Stone Soup version 0.30-a0-1123-gabc949cf19 (webtiles) character file.

Game seed: 6050809427135557635

473 cheesebisquit the Grave Robber (level 7, -6/62 HPs)
             Began as a Hill Orc Necromancer on Apr 22, 2023.
             Mangled by a water moccasin (8 damage)
             ... on level 5 of the Dungeon.
             The game lasted 00:15:34 (6097 turns).

cheesebisquit the Grave Robber (HONe)               Turns: 6097, Time: 00:15:36

Health: -6/62      AC:  2    Str: 11    XL:     7   Next: 10%
Magic:  8/9        EV:  2    Int: 17    God:
Gold:   267        SH:  0    Dex: 11    Spells: 1/9 levels left

rFire   . . .        u - +1 trident (flame)
rCold   . . .        (no shield)
rNeg    + . .        a - +0 robe
rPois   .            (no helmet)
rElec   .            (no cloak)
rCorr   .            (no gloves)
SInv    .            (no boots)
Will    .....        (no amulet)
Stlth   ++           f - ring of positive energy
HPRegen 0.30/turn    (no ring)
MPRegen 0.11/turn

%: no passive effects
@: sleeping, invisible
A: no striking features
a: no special abilities


You were on level 5 of the Dungeon.
You visited 1 branch of the dungeon, and saw 5 of its levels.

You collected 267 gold pieces.

Inventory:

Hand Weapons
 b - a +0 whip
 i - a +0 club
 u - a +1 trident of flaming (weapon)
Missiles
 k - 8 poisoned darts
Armour
 a - a +0 robe (worn)
Jewellery
 f - a ring of positive energy (left hand)
Wands
 c - a wand of flame (7)
 r - a wand of digging (3)
Scrolls
 d - a scroll of teleportation
 g - a scroll of poison {unknown}
 l - a scroll of enchant weapon {unknown}
 m - a scroll of enchant armour {unknown}
 n - a scroll of vulnerability {unknown}
 o - a scroll of fear {unknown}
 q - a scroll of torment {unknown}
 v - a scroll of immolation {unknown}
Potions
 j - 2 potions of brilliance
 s - a potion of mutation


   Skills:
 + Level 5.9 Fighting
 - Level 1.5 Dodging
 - Level 1.5 Stealth
 - Level 1.5 Spellcasting
 + Level 6.5 Necromancy


You had one spell level left.
You knew the following spells:

 Your Spells              Type           Power      Damage    Failure   Level
a - Necrotise             Necr           92%        1d8       1%          1
b - Vampiric Draining     Necr           23%        2d7       4%          3
c - Animate Dead          Necr           23%        N/A       14%         4

Your spell library contained the following spells:

 Spells                   Type           Power      Damage    Failure   Level
 Agony                    Necr           23%        N/A       36%         5
 Dazzling Flash           Conj/Hex       2%         N/A       52%         3
 Silence                  Hex/Air        0%         N/A       99%         5
 Conjure Ball Lightning   Conj/Air       0%         3x3d6     100%        6
 Discord                  Hex            0%         N/A       100%        8
 Disjunction              Tloc           0%         N/A       100%        8


Dungeon Overview and Level Annotations

Branches:
Dungeon (5/15)
 Temple: D:4-7

Altars:
Ashenzari
Hepliaklqana
Ru
Yredelemnul

Annotations:
D:4 3 runed translucent doors, rinse's ghost, amateur HuFE
D:5 Edmund; Ijyb


Message History

The water moccasin poisons you! The water moccasin bites you.
The sleepcap releases spores at you.
You feel better. The water moccasin bites you.
The sleepcap releases spores at you but does no damage.
The water moccasin barely misses you. The sleepcap releases spores at you.
You are engulfed in a cloud of soporific spores!
You fall asleep.
You stop ascending the stairs.
The water moccasin barely misses you. The water moccasin bites you!
You wake up.
* * * LOW HITPOINT WARNING * * *
The sleepcap releases spores at you.
* * * LOW HITPOINT WARNING * * *
You are engulfed in a cloud of soporific spores!
You are unaffected.
You fade into invisibility!
The water moccasin barely misses you. The sleepcap barely misses you.
You are confused.
You feel invigorated. The water moccasin bites you.
* * * LOW HITPOINT WARNING * * *
The water moccasin bites you!
* * * LOW HITPOINT WARNING * * *
You are lethally poisoned!
The water moccasin poisons you! The sleepcap closely misses you.
You feel better.
You feel less invigorated. The water moccasin bites you!
* * * LOW HITPOINT WARNING * * *
You are lethally poisoned!
The water moccasin poisons you! The sleepcap closely misses you.
You feel better. The water moccasin closely misses you.
The sleepcap releases spores at you.
* * * LOW HITPOINT WARNING * * *
The water moccasin bites you!
* * * LOW HITPOINT WARNING * * *
The water moccasin barely misses you. The sleepcap releases spores at you.
* * * LOW HITPOINT WARNING * * *
You are engulfed in a cloud of soporific spores!
You fall asleep.
You stop ascending the stairs.
The water moccasin bites you!
You die...

######
#..@.#
#..Sf#
#....#
#....#
#######....#
#..........#
#..........#
...........#
........?..#


You could see a water moccasin (unable to see you) and a sleepcap (unable to see
you).

Vanquished Creatures
  An ice beast (D:5)
  A water moccasin zombie (D:4)
  An orc priest (D:4)
  3 jellies
  2 gnolls (D:4)
  8 adders
  An adder zombie (D:4)
  3 worms
  2 dart slugs
  7 orcs
  5 ball pythons
  5 bats
  6 endoplasms
  2 giant cockroaches
  5 goblins
  4 hobgoblins
  3 quokkas
  2 frilled lizards
  7 kobolds
  5 rats
73 creatures vanquished.

Vanquished Creatures (collateral kills)
  A gnoll (D:4)
  An endoplasm (D:2)
  A frilled lizard (D:2)
3 creatures vanquished.

Grand Total: 76 creatures vanquished

Notes
Turn   | Place    | Note
-------+----------+-------------------------------------------
     0 | D:1      | cheesebisquit the Hill Orc Necromancer began the quest for
                  | the Orb.
     0 | D:1      | Reached XP level 1. HP: 14/14 MP: 3/3
   207 | D:1      | Reached skill level 1 in Fighting
   475 | D:1      | Reached XP level 2. HP: 23/23 MP: 2/4
  1447 | D:2      | Reached XP level 3. HP: 29/29 MP: 1/5
  1848 | D:2      | Reached XP level 4. HP: 37/37 MP: 3/6
  2394 | D:2      | Learned a level 3 spell: Vampiric Draining
  2724 | D:3      | Reached skill level 5 in Necromancy
  2851 | D:3      | Reached XP level 5. HP: 41/46 MP: 2/7
  3943 | D:4      | Found Pacsan's Book Boutique.
  3954 | D:4      | Found a sacrificial altar of Ru.
  4241 | D:4      | Found a runed translucent gate.
  4259 | D:4      | Found a runed translucent gate.
  4259 | D:4      | Noticed rinse's ghost (amateur HuFE)
  4260 | D:4      | Found a runed translucent gate.
  4262 | D:4      | Found a basalt altar of Yredelemnul.
  4289 | D:4      | Reached XP level 6. HP: 11/53 MP: 8/8
  4828 | D:4      | Found a hazy altar of Hepliaklqana.
  5019 | D:5      | Entered Level 5 of the Dungeon
  5025 | D:5      | Learned a level 4 spell: Animate Dead
  5067 | D:5      | Noticed an ice beast
  5069 | D:5      | Noticed a water moccasin
  5313 | D:5      | Found a broken altar of Ashenzari.
  5356 | D:5      | Noticed Edmund
  5378 | D:4      | Reached skill level 5 in Fighting
  5561 | D:4      | Reached skill level 6 in Necromancy
  5745 | D:5      | Killed an ice beast
  5746 | D:5      | Reached XP level 7. HP: 19/62 MP: 1/9
  5912 | D:5      | Noticed Ijyb
  6093 | D:5      | HP: 1/62 [water moccasin (7)]
  6097 | D:5      | Mangled by a water moccasin

Illustrated notes

Levels and vault maps discovered:
D:1:      sevenhm_arrival_forest_fort_small_4, layout_basic, serial_rivers,
          chequers_serial_rivers_micro_b, chequers_serial_rivers_micro_a,
          chequers_serial_rivers_large_b, chequers_serial_rivers_micro_c,
          minmay_misc_feat_room
D:2:      layout_basic, serial_bayou_ford_a, minmay_pentomino_x2
D:3:      layout_basic
D:4:      layout_basic, mainiacjoe_overflow_cross_hatched,
          nzn_hepliaklqana_mist_gate, nicolae_yredelemnul_ghost_church,
          serial_shops, nicolae_shop_crystal
D:5:      layout_rooms, mainiacjoe_overflow_paths, nicolae_ashenzari_panopticon,
          trog_three_pillars_becter, gammafunk_ghost_nasty_kobolds,
          kennysheep_nondescript, minmay_fractal_squares_diagonal_5,
          uniq_grinder, uniq_ijyb, uniq_edmund

Skill      XL: |  1  2  3  4  5  6 |
---------------+-------------------+-----
Fighting       | 1 2 3 4 5 |  5.9
Necromancy     | 5 6 |  6.5
Dodging        | |  1.5
Stealth        | |  1.5
Spellcasting   | |  1.5

Action                     |  1- 3 |  4- 6 |  7- 9 || total
---------------------------+-------+-------+-------++-------
  Melee: Club              |    11 |     3 |       ||    14
         Whip              |       |    34 |       ||    34
         Trident           |       |     4 |       ||     4
   Cast: Necrotise         |    51 |   147 |     9 ||   207
    Use: Scroll            |       |     7 |       ||     7
         Potion            |       |     3 |     6 ||     9
 Armour: Robe              |     2 |    14 |     1 ||    17
  Dodge: Dodged            |     8 |    36 |    17 ||    61

Table legend: (Time is in decaauts)
 A = Elapsed time spent in this place.
 B = Non-inter-level travel time spent in this place.
 C = Inter-level travel time spent in this place.
 D = Time resting spent in this place.
 E = Time spent auto-exploring this place.
 F = Levels seen in this place.
 G = Mean time per level.
                   A        B        C        D        E       F      G
               +--------+--------+--------+--------+--------+-----+--------+
         Total |   6154 |   5493 |    661 |    561 |   4208 |   5 | 1230.8 |
       Dungeon |   6154 |   5493 |    661 |    561 |   4208 |   5 | 1230.8 |
               +--------+--------+--------+--------+--------+-----+--------+

Top non-repeatable levels by time:
     D:4: 1884 daAuts
     D:3: 1368 daAuts
     D:1: 1252 daAuts
     D:2: 1204 daAuts
     D:5: 444 daAuts
